[Event "Late-Titled-Tuesday-Blitz-April-30-2024"]
[Site "Chess.com"]
[Date "2024.04.30"]
[Round "8"]
[White "Sanyura"]
[Black "stasOR4ik"]
[Result "1-0"]
[WhiteElo "2655"]
[BlackElo "2479"]
[TimeControl "180+1"]
[EndTime "15:28:04 PDT"]
[Termination "Sanyura won by checkmate"]

1. Nf3 d5 2. g3 Nf6 3. Bg2 c6 4. O-O Nbd7 5. d3 e5 6. Qe1 e4 7. Nfd2 exd3 8. cxd3 Be7 9. Nc3 O-O 10. Nf3 Re8 11. Bg5 h6 12. Bxf6 Bxf6 13. e4 dxe4 14. dxe4 Nc5 15. Qe3 Bxc3 16. Qxc5 Bxb2 17. Rab1 Bf6 18.
e5 Qe7 19. Qa5 Bxe5 20. Rfe1 f6 21. Nxe5 fxe5 22. f4 Qd8 23. Qxd8 Rxd8 24. Rxe5 Kf8 25. a4 Re8 26. Rc5 Re7 27. a5 Bf5 28. Rxf5+ Kg8 29. a6 bxa6 30. Bxc6 Rc8 31. Bd5+ Kh7 32. Ra1 Rc5 33.
Be4 Rc4 34. Bd3 g6 35. Rd5 Rc6 36. h4 Re3 37. h5 Rxg3+ 38. Kf2 Rh3 39. hxg6+ Kg7 40.
Rd7+ Kg8 41. Re1 Rxd3 42. Re8# 1-0

[Event "Late-Titled-Tuesday-Blitz-April-30-2024"]
[Site "Chess.com"]
[Date "2024.04.30"]
[Round "8"]
[White "MKlose11"]
[Black "DrVelja"]
[Result "1-0"]
[WhiteElo "2691"]
[BlackElo "2961"]
[TimeControl "180+1"]
[EndTime "15:28:06 PDT"]
[Termination "MKlose11 won by resignation"]

1. e4 c5 2. Nc3 Nc6 3. d3 g6 4. g3 Bg7 5. Be3 d6 6. Qd2 Rb8 7. Bg2 b5 8. Nge2 Nd4 9. Nc1 h5 10. h3 e6 11. Nd1 b4 12. O-O Ne7 13. f4 a5 14. c3 Ndc6 15. f5 exf5 16. exf5 Bxf5 17.
Rxf5 gxf5 18. Bg5 Qd7 19. Qe2 Qe6 20. Qd2 O-O 21. Ne2 Qg6 22. h4 Rfe8 23. Ne3 Ne5 24. Nf4 Qh7 25. Ned5 Nxd5 26. Nxd5 Ng4 27. Rf1 Be5 28.
Ne7+ Rxe7 29. Bxe7 f6 30. d4 cxd4 31. cxd4 Bxg3 32.
Qe2 Re8 33. Qe6+ Qf7 34. Qxf5 Qxe7 35. Qxh5 Qe3+ 36. Kh1 Nf2+ 37. Rxf2 Bxf2 38. Bd5+ Kg7 39. Qf7+ Kh6 40. Qxf6+ Kh5 41. Bf3+ Qxf3+ 42. Qxf3+ 1-0

[Event "Late-Titled-Tuesday-Blitz-April-30-2024"]
[Site "Chess.com"]
[Date "2024.04.30"]
[Round "8"]
[White "cristiano78"]
[Black "djano"]
[Result "0-1"]
[WhiteElo "2274"]
[BlackElo "2588"]
[TimeControl "180+1"]
[EndTime "15:28:07 PDT"]
[Termination "djano won on time"]

1. d4 Nf6 2. c4 a6 3. Nf3 b5 4. cxb5 axb5 5. g3 Bb7 6. Bg2 g6 7. O-O Bg7 8. Nbd2 O-O 9. b3 d6 10. Bb2 Nbd7 11. a4 bxa4 12. bxa4 Ra6 13. Qb3 Qa8 14. Bc3 Bd5 15. Qc2 Ne4 16. Nxe4 Bxe4 17. Qd1 Nb6 18. a5 Nc4 19. Qa4 Bd5 20. Rfc1 f5 21. Ne1 e6 22. Nd3 Bxg2 23. Qxc4 Bd5 24.
Qa4 Bc6 25. Qb3 Bd5 26. Qa3 Bh6 27. Rc2 Be4 28. Bd2 Bg7 29. Rac1 Bxd4 30. Rxc7 f4 31. Nxf4 e5 32. Qb3+ Kh8 33. Qc4 d5 34. Qb4 Raf6 35. Qe7 R6f7 36. Qxf7 Rxf7 37. Rxf7 exf4 38. Rcc7 g5 39.
Ra7 Bxa7 40. Bc3+ Kg8 0-1

[Event "Late-Titled-Tuesday-Blitz-April-30-2024"]
[Site "Chess.com"]
[Date "2024.04.30"]
[Round "8"]
[White "GMG"]
[Black "Djager97"]
[Result "0-1"]
[WhiteElo "2779"]
[BlackElo "2582"]
[TimeControl "180+1"]
[EndTime "15:28:09 PDT"]
[Termination "Djager97 won on time"]

1. e4 e5 2. Nf3 Nc6 3. Bb5 a6 4. Ba4 Nf6 5. O-O b5 6. Bb3 Bc5 7. a4 Rb8 8. axb5 axb5 9. Nxe5 Nxe5 10. d4 Bxd4 11. Qxd4 d6 12. f4 Nc6 13. Qd3 O-O 14. Nc3 Nb4 15. Qg3 Bb7 16. e5 Nfd5 17. f5 dxe5 18. Kh1 Kh8 19. f6 gxf6 20. Ne4 Rg8 21. Qh4 Nf4 22. Bxf4 Bxe4 23. Bg3 Bxc2 24. Bxf7 Rg7 25. Rxf6 Qd4 26. Qxd4 exd4 27. Be5 d3 28. Rf3 d2 29. Rg3 Bg6 30. Bxg6 hxg6 31. Rxg6 Re8 32. Rxg7 Rxe5 33. Rf7 Re1+ 34. Rf1 Nc2 35. Kg1 Rxa1 0-1

[Event "Late-Titled-Tuesday-Blitz-April-30-2024"]
[Site "Chess.com"]
[Date "2024.04.30"]
[Round "8"]
[White "chess_sharparchitect"]
[Black "Rytenko_V"]
[Result "0-1"]
[WhiteElo "2270"]
[BlackElo "2490"]
[TimeControl "180+1"]
[EndTime "15:28:09 PDT"]
[Termination "Rytenko_V won on time"]

1. c4 e5 2. Nc3 Nf6 3. Nf3 Nc6 4.
e3 g6 5. d4 exd4 6. exd4 d5 7.
Bg5 dxc4 8. Bxc4 Bg7 9. d5 Ne7 10. O-O O-O 11. Qb3 h6 12. Bh4 Nf5 13. Bxf6 Qxf6 14.
Rfe1 Nd6 15. Bd3 a6 16. Re3 Bd7 17. Rae1 Rae8 18. Qc2 b5 19. a3 Rxe3 20. Rxe3 a5 21. Nd1 Rc8 22. b4 axb4 23. axb4 Bf8 24. Ne5 Be8 25. Nc3 Ra8 26. Re1 Bg7 27. h3 Qf4 28. Ng4 Qxb4 29. Rc1 h5 30. Ne3 Qc5 31. Ne4 Qxc2 32.
Rxc2 Ra1+ 33. Kh2 Be5+ 34. g3 Nxe4 35. Bxe4 b4 36. Nc4 Bd4 37. Rd2 Bc3 38. Re2 Bb5 39.
Bd3 b3 40. Nb2 Bd7 41. Nc4 Ra2 42. Kg2 Bb5 0-1

[Event "Late-Titled-Tuesday-Blitz-April-30-2024"]
[Site "Chess.com"]
[Date "2024.04.30"]
[Round "8"]
[White "KogotBobra17"]
[Black "Msb2"]
[Result "0-1"]
[WhiteElo "2773"]
[BlackElo "3025"]
[TimeControl "180+1"]
[EndTime "15:28:10 PDT"]
[Termination "Msb2 won by resignation"]

1. e4 e6 2. d4 d5 3. Nd2 c5 4.
exd5 Qxd5 5. Ngf3 cxd4 6. Bc4 Qd6 7. O-O Nf6 8. Nb3 Nc6 9. Nfxd4 Nxd4 10. Nxd4 Be7 11.
Re1 O-O 12. c3 Qc7 13. Qe2 b6 14. Bg5 Kh8 15. Nb5 Qc6 16. Nd4 Qc7 17. Nb5 Qc5 18. Be3 Qc6 19. Nd4 Qc7 20. Nb5 Qb8 21.
Qf3 Bb7 22. Qh3 a6 23. Nd4 b5 24. Bd3 g6 25. Bh6 Re8 26. Bg5 Nh5 27. Bxe7 Rxe7 28.
Be4 Bxe4 29. Rxe4 Qb7 30. Ree1 Kg8 31. Rad1 Nf6 32. Qh4 Kg7 33. Qg5 Rd7 34. Nf3 Rad8 35. Rxd7 Qxd7 36. h3 h6 37. Qe5 Qd5 38. Qxd5 Nxd5 39.
Nd4 Kf6 40. Kf1 Nb6 41. Ke2 Nc4 42. Rb1 e5 43. Nf3 Ke6 44. b3 Nd6 45. Rc1 Rc8 46. Nd2 f5 47. f3 Kd5 48. Kd3 e4+ 49. fxe4+ fxe4+ 50. Ke2 h5 51. Nf1 Ke5 52. Ne3 Nf5 53. Nxf5 gxf5 54. g3 h4 55. gxh4 Rh8 56. c4 bxc4 57.
Rxc4 Rxh4 58. Rc5+ Kf4 59. Ra5 Rxh3 60. Rxa6 Rh2+ 61. Kd1 Ke3 62. Rf6 f4 63. a4 Rb2 64.
a5 Rxb3 65. a6 Ra3 66. Kc2 f3 67. Kb2 Ra5 68. Kb3 Kf2 69. Kb4 Ra1 70. Kb5 e3 71. Kb6 e2 72. a7 Rxa7 73. Kxa7 e1=Q 74. Rb6 Qa5+ 75. Kb7 Qxb6+ 76. Ka8 Qb5 0-1

[Event "Late-Titled-Tuesday-Blitz-April-30-2024"]
[Site "Chess.com"]
[Date "2024.04.30"]
[Round "8"]
[White "chessisveryfun1264"]
[Black "Byniolus"]
[Result "0-1"]
[WhiteElo "2622"]
[BlackElo "2843"]
[TimeControl "180+1"]
[EndTime "15:28:15 PDT"]
[Termination "Byniolus won by resignation"]

1. e4 d6 2. d4 Nf6 3. Nc3 c6 4. f3 Qb6 5. Nge2 e5 6. a3 Nbd7 7. Be3 Be7 8. Qd2 Qc7 9. g4 b5 10. h4 Bb7 11. g5 Nh5 12. Bg2 a5 13. f4 exf4 14. Nxf4 Nxf4 15. Bxf4 O-O 16. Ne2 c5 17. d5 Ne5 18. Ng3 g6 19. h5 b4 20. a4 c4 21. Qd4 Rfe8 22. O-O-O Bf8 23. h6 Qd7 24. b3 cxb3 25. cxb3 Rac8+ 26. Kb2 Rc3 27. Ne2 Rc5 28. Rc1 Ba6 29. Bxe5 dxe5 30. Qe3 Rec8 31. Rhd1 Bxe2 32. Qxe2 Be7 33. Qe3 Rc3 34. Bh3 Qd8 35. Bxc8 Rxe3 36. Bb7 Rc3 37. Rxc3 bxc3+ 38. Kxc3 Qc7+ 39. Bc6 Bxg5 40. Kb2 Bxh6 41. d6 Qxc6 42. d7 Bg5 43. Rc1 Qxd7 0-1

[Event "Late-Titled-Tuesday-Blitz-April-30-2024"]
[Site "Chess.com"]
[Date "2024.04.30"]
[Round "8"]
[White "TigrVShlyape"]
[Black "FabianoCaruana"]
[Result "1-0"]
[WhiteElo "2949"]
[BlackElo "3075"]
[TimeControl "180+1"]
[EndTime "15:28:16 PDT"]
[Termination "TigrVShlyape won by checkmate"]

1. d4 Nf6 2. Nf3 g6 3. c3 Bg7 4.
Bg5 O-O 5. Nbd2 d6 6. e4 Nc6 7.
Bd3 e5 8. O-O h6 9. Bh4 Qe8 10.
Re1 Nh5 11. dxe5 Nxe5 12. Nxe5 dxe5 13. Nc4 Nf4 14. Bf1 Be6 15. Ne3 a5 16. a4 Qc6 17. Qc2 Qb6 18. Bc4 Bxc4 19. Nxc4 Qe6 20. Ne3 c6 21. Rad1 Rfb8 22. Rd2 b5 23. Red1 Bf8 24.
axb5 Rxb5 25. Rd8 Rxd8 26. Rxd8 Kg7 27. g3 Nh3+ 28. Kg2 Ng5 29. Bxg5 hxg5 30. Qe2 Qe7 31. Rd2 a4 32. Qc4 Qb7 33. Qxa4 c5 34. Qc4 Rxb2 35.
Rxb2 Qxb2 36. h3 Qd2 37. Nd5 Qc2 38. Ne3 Qd2 39. Nd5 Qd1 40. Ne3 Qb1 41. Qd5 Qb8 42. Ng4 f6 43. Qd7+ Kh8 44. Nxf6 Bg7 45. Ne8 Bf8 46.
Qf7 Bh6 47. Qxg6 Bf8 48. Nf6 Bg7 49. Qh7# 1-0

[Event "Late-Titled-Tuesday-Blitz-April-30-2024"]
[Site "Chess.com"]
[Date "2024.04.30"]
[Round "8"]
[White "DominguezOnYoutube"]
[Black "shimastream"]
[Result "1/2-1/2"]
[WhiteElo "2963"]
[BlackElo "3038"]
[TimeControl "180+1"]
[EndTime "15:28:17 PDT"]
[Termination "Game drawn by repetition"]

1. e4 b6 2. d4 Bb7 3. Bd3 e6 4. Nf3 c5 5. c3 Nf6 6. Qe2 d5 7.
e5 Nfd7 8. O-O Nc6 9. a3 Be7 10. Re1 g5 11. Be3 h5 12. b4 g4 13. Nfd2 Qc7 14.
Nf1 O-O-O 15. Nbd2 c4 16. Bc2 f6 17. exf6 Bxf6 18.
f4 gxf3 19. Nxf3 h4 20. Bg5 Rde8 21. Bxf6 Nxf6 22. b5 Nd8 23. Ne5 Qg7 24. Nd2 Nf7 25.
Nxf7 Qxf7 26. Nf3 Qg7 27. Ne5 Rhg8 28. Rf1 Ref8 29. a4 Nd7 30. Rxf8+ Rxf8 31. Re1 Nf6 32.
Ng6 Re8 33. Qe5 h3 34. Rf1 Rf8 35. g3 Qh6 36. Nxf8 Qd2 37. Qxe6+ Kb8 38. Qe5+ Ka8 39. Rf2 Qc1+ 40. Rf1 Qxc2 41. Rf2 Qd1+ 42. Rf1 Qd2 43. Rf2 Qc1+ 44. Rf1 Qd2 45. Rf2 Qc1+ 46. Rf1 Qd2 1/2-1/2

[Event "Late-Titled-Tuesday-Blitz-April-30-2024"]
[Site "Chess.com"]
[Date "2024.04.30"]
[Round "8"]
[White "DeTimmerman"]
[Black "HansOnTwitch"]
[Result "0-1"]
[WhiteElo "2787"]
[BlackElo "3187"]
[TimeControl "180+1"]
[EndTime "15:28:17 PDT"]
[Termination "HansOnTwitch won by checkmate"]

1. b4 e5 2. Bb2 Bxb4 3. Bxe5 Nf6 4. Nc3 c6 5. a3 Ba5 6. e3 O-O 7. Nf3 d6 8. Bg3 Bxc3 9. dxc3 Ne4 10. Qd3 Qa5 11.
Nd4 d5 12. Nb3 Qxc3+ 13. Qxc3 Nxc3 14. a4 Ne4 15. Bd3 Nxg3 16. hxg3 h6 17. a5 Nd7 18. O-O Ne5 19. Rfb1 Re8 20. Nc5 Re7 21. Rb2 a6 22. Rab1 Ra7 23. Kf1 Kf8 24. Ke2 Ke8 25. Kd2 Kd8 26.
Rb4 Kc7 27. Kc3 Kd6 28. Kd4 f5 29. Be2 Nf7 30. c4 dxc4 31. Bxc4 Ne5 32. Be2 Kc7 33.
Kc3 Nd7 34. Nd3 Nf6 35. Bf3 g5 36. R4b2 g4 37. Bd1 Ne4+ 38. Kc4 Be6+ 39. Kb4 Rd7 40. Nf4 c5+ 41. Ka3 Bf7 42. Ba4 Rd6 43. Rc1 c4 44. Bb3 Rc6 45. Ba4 Rc5 46. Kb4 b6 47.
axb6+ Kxb6 48. f3 Nd6 49. Rd2 Nb5 50. Ne2 a5# 0-1

[Event "Late-Titled-Tuesday-Blitz-April-30-2024"]
[Site "Chess.com"]
[Date "2024.04.30"]
[Round "8"]
[White "Mops_2004"]
[Black "SVijayalakshmi"]
[Result "1/2-1/2"]
[WhiteElo "2785"]
[BlackElo "2571"]
[TimeControl "180+1"]
[EndTime "15:28:19 PDT"]
[Termination "Game drawn - insufficient material"]

1. e4 e5 2. Nf3 Nc6 3. Bb5 a6 4. Ba4 Nf6 5. O-O Be7 6. Re1 b5 7. Bb3 O-O 8. d3 Bb7 9. Nc3 d6 10. a3 h6 11. Nd5 Nxd5 12. exd5 Na5 13. Ba2 Bc8 14. d4 exd4 15. Nxd4 Bd7 16. b3 Bf6 17. Rb1 Re8 18. Be3 Qe7 19. Qd2 Nb7 20.
Bxh6 Qf8 21. Bg5 Bxg5 22. Qxg5 Nc5 23. f3 a5 24. Qd2 Reb8 25. c3 b4 26. cxb4 axb4 27.
a4 g6 28. Rbc1 Rb7 29. Rc4 Rab8 30. Bb1 Qg7 31. Bc2 Qf6 32. g3 Kg7 33. h4 Rb6 34.
Qg5 Re8 35. Rxe8 Qxg5 36. hxg5 Bxe8 37. Kf2 f6 38. gxf6+ Kxf6 39. f4 Bf7 40. Nb5 Bxd5 41. Rxb4 c6 42. Ke3 cxb5 43. Rxb5 Rxb5 44. axb5 Bxb3 45.
Bxb3 Nxb3 46. b6 Nc5 47. Kd4 Ke6 48. g4 Nb7 49. f5+ gxf5 50. gxf5+ Kxf5 51. Kd5 Kf6 52. Kc6 Na5+ 53. Kxd6 Nc4+ 54. Kc7 Nxb6 1/2-1/2

[Event "Late-Titled-Tuesday-Blitz-April-30-2024"]
[Site "Chess.com"]
[Date "2024.04.30"]
[Round "8"]
[White "mightysmasher"]
[Black "Indefatigable11"]
[Result "1-0"]
[WhiteElo "2538"]
[BlackElo "2386"]
[TimeControl "180+1"]
[EndTime "15:28:19 PDT"]
[Termination "mightysmasher won by resignation"]

1. e4 e5 2. Nf3 Nc6 3. d4 exd4 4. Nxd4 Nf6 5. Nc3 Bb4 6. Nxc6 bxc6 7. Bd3 d5 8. exd5 O-O 9. O-O cxd5 10. Bg5 c6 11. Qf3 Be7 12. Rfe1 Be6 13. Ne2 Qd7 14. Nf4 h6 15.
Bxf6 Bxf6 16. Nxe6 fxe6 17. Qg4 Bxb2 18. Rab1 Bc3 19.
Qxe6+ Qxe6 20. Rxe6 Bd4 21. Rf1 c5 22. Rd6 Rad8 23.
Rxd8 Rxd8 24. Bf5 Kf7 25. Rd1 Kf6 26. Bg4 Kg5 27. Bf3 Kf4 28. Rd3 Re8 29. g3+ Kf5 30.
c3 Re1+ 31. Kg2 Be5 32. Rxd5 Rc1 33. Be2 Rxc3 34. f4 Re3 35. Rxe5+ Rxe5 36. fxe5 Kxe5 37.
Kf2 Kd4 38. Ke1 Kc3 39. Kd1 Kb2 40. Bc4 Kc3 41. Bf7 Kd3 42. Kc1 c4 43. h4 g5 44.
hxg5 hxg5 45. g4 a6 46. Bg6+ Kc3 47. Bf5 a5 48. Bd7 Kd3 49. Bf5+ Kc3 50. Bh7 a4 51. Bg6 a3 52. Bh7 Kd4 53. Kc2 c3 54. Bg8 Ke3 55. Kxc3 Ke4 56. Be6 Ke5 57. Bf5 1-0

[Event "Late-Titled-Tuesday-Blitz-April-30-2024"]
[Site "Chess.com"]
[Date "2024.04.30"]
[Round "8"]
[White "cthake"]
[Black "FMalexhdez"]
[Result "1-0"]
[WhiteElo "1880"]
[BlackElo "2203"]
[TimeControl "180+1"]
[EndTime "15:28:19 PDT"]
[Termination "cthake won on time"]

1. e4 c5 2. Nf3 d6 3. d4 cxd4 4. Nxd4 Nf6 5. Nc3 Nc6 6. Bg5 e6 7. f4 Be7 8. Nxc6 bxc6 9. Bd3 e5 10. Bxf6 Bxf6 11. f5 Bh4+ 12. g3 Bg5 13. Bc4 Rb8 14. Bb3 Ba6 15. Qf3 h5 16. h4 Bh6 17. Rd1 Qe7 18. Kf2 O-O 19. Rhe1 Qf6 20. Qxh5 Rfd8 21.
Qf3 Rb4 22. a3 Rd4 23. Ne2 Bxe2 24. Qxe2 d5 25. Rxd4 exd4 26. Qf3 Be3+ 27. Kg2 dxe4 28. Qxe4 Qd6 29. Rf1 Qd7 30. f6 Re8 31. Qf3 g6 32. h5 g5 33. h6 Qc7 34. h7+ Kh8 35. Qh5 c5 36. Qxf7 Qxf7 37. Bxf7 Rf8 38. Bg8 d3 39. cxd3 Bd4 40. f7 Bxb2 41. a4 Bd4 42. Rf5 Kg7 43.
Rxg5+ Kh8 44. Rd5 Kg7 45. Rd7 Kf6 46. h8=Q+ 1-0

[Event "Late-Titled-Tuesday-Blitz-April-30-2024"]
[Site "Chess.com"]
[Date "2024.04.30"]
[Round "8"]
[White "nabukatnezarr"]
[Black "ameetghasi100"]
[Result "1-0"]
[WhiteElo "2599"]
[BlackElo "2788"]
[TimeControl "180+1"]
[EndTime "15:28:21 PDT"]
[Termination "nabukatnezarr won on time"]

1. d4 g6 2. e4 Bg7 3. Nf3 d6 4. Bc4 e6 5. Qe2 Ne7 6. Bb3 Nd7 7. h4 h6 8. c3 b6 9. Bf4 Bb7 10. Nbd2 a6 11. O-O-O b5 12. Kb1 Nb6 13. Rhe1 Qd7 14. Ka1 a5 15. Bc2 b4 16. c4 a4 17. e5 b3 18. Be4 d5 19. Bd3 dxc4 20. Nxc4 Ned5 21.
Nxb6 cxb6 22. Bd2 bxa2 23. Rc1 O-O 24. h5 Ne7 25. hxg6 fxg6 26. Bb4 a3 27. b3 Bxf3 28. gxf3 Qxd4+ 29. Bc3 Qf4 30. Kxa2 Qxf3 31. Bb4 Ra7 32. Bxe7 Rd7 33. Bxf8 Qxf8 34. Bxg6 Qf4 35. Rc8+ Bf8 36. Rc2 Qd4 37. Rg1 Kh8 38. Qf3 Bc5 39. Qf6+ Rg7 40.
Bf7 Bf8 41. Qxh6+ 1-0

[Event "Late-Titled-Tuesday-Blitz-April-30-2024"]
[Site "Chess.com"]
[Date "2024.04.30"]
[Round "8"]
[White "th3d4rkness"]
[Black "luggevoila"]
[Result "0-1"]
[WhiteElo "2149"]
[BlackElo "2334"]
[TimeControl "180+1"]
[EndTime "15:28:21 PDT"]
[Termination "luggevoila won by resignation"]

1. e4 e5 2. Nf3 Nc6 3. d4 exd4 4. Nxd4 Qf6 5. Be3 Bc5 6. c3 Bb6 7. Be2 Qg6 8. O-O Nge7 9. Nd2 O-O 10. f4 Nxd4 11. cxd4 f5 12. e5 Kh8 13. Bc4 d6 14. Rf3 Be6 15. Rg3 Qf7 16. Bxe6 Qxe6 17. Nf3 dxe5 18.
Ng5 Qg6 19. dxe5 Bxe3+ 20. Rxe3 Rad8 21. Qa4 h6 22. Rh3 Nd5 23. Rf1 Kg8 24. Nf3 Ne3 25.
Rg3 Qb6 26. Qb3+ Qxb3 27. axb3 Nxf1 28. Kxf1 Rd1+ 29. Ke2 Rb1 30. Nd4 Rxb2+ 31. Kd3 c5 32. Ne6 Rxb3+ 33. Kc4 Rxg3 34. hxg3 Rc8 35. g4 fxg4 36.
f5 Kf7 37. Kd5 c4 38. Nd4 c3 39. e6+ Ke7 40. f6+ Kxf6 41. Nc2 Rd8+ 0-1

[Event "Late-Titled-Tuesday-Blitz-April-30-2024"]
[Site "Chess.com"]
[Date "2024.04.30"]
[Round "8"]
[White "OparinGrigoriy"]
[Black "GaiozNigalidze"]
[Result "1-0"]
[WhiteElo "2978"]
[BlackElo "2747"]
[TimeControl "180+1"]
[EndTime "15:28:24 PDT"]
[Termination "OparinGrigoriy won by resignation"]

1. b3 e5 2. Bb2 Nc6 3. c4 g6 4. g3 Bg7 5. Bg2 Nge7 6. Nc3 O-O 7. e3 d6 8. Nge2 Bg4 9. h3 Be6 10.
O-O d5 11. cxd5 Nxd5 12. d3 Qd7 13. Kh2 Rad8 14. Ne4 Qe7 15. Rc1 f5 16. Nc5 Bc8 17. a3 Kh8 18. Qc2 b6 19. e4 Nf6 20. exf5 bxc5 21.
Bxc6 Bxf5 22. Be4 Nd7 23. Nc3 Rb8 24. Bxf5 gxf5 25. Na4 Qe6 26. Nxc5 Nxc5 27. Qxc5 Rxb3 28. Bc3 f4 29. g4 f3 30. Rfe1 Re8 31. Re3 Qf6 32. Qc4 Rxa3 33. Rce1 h5 34. Bb2 Ra6 35. g5 Qe6 36. Qh4 Qg6 37. Bxe5 Bxe5+ 38. Rxe5 Rxe5 39.
Rxe5 Re6 40. Rxe6 Qxe6 41. Qxh5+ Kg8 42. Qxf3 Qd6+ 43. Kg2 Qc5 44. h4 a5 45. g6 Qe7 46.
Qd5+ Kg7 47. Qxa5 Kxg6 48. Qg5+ Qxg5+ 49. hxg5 Kxg5 50. Kg3 1-0

[Event "Late-Titled-Tuesday-Blitz-April-30-2024"]
[Site "Chess.com"]
[Date "2024.04.30"]
[Round "8"]
[White "imdvb6307"]
[Black "FredddieCroderg"]
[Result "0-1"]
[WhiteElo "2535"]
[BlackElo "2455"]
[TimeControl "180+1"]
[EndTime "15:28:25 PDT"]
[Termination "FredddieCroderg won on time"]

1. d4 g6 2. Nf3 Bg7 3. c4 Nf6 4. Nc3 O-O 5. e4 c5 6. h3 cxd4 7. Nxd4 Nc6 8. Be3 d6 9. Be2 Bd7 10. O-O Rc8 11. Nf3 Na5 12. b3 a6 13. e5 dxe5 14. Nxe5 b5 15. c5 b4 16. Nd5 Nxd5 17.
Qxd5 Be6 18. Qe4 Bd5 19. Qf4 Qc7 20. Bd4 Nc6 21. Nxc6 Qxf4 22. Nxe7+ Kh8 23. Bxg7+ Kxg7 24. Nxd5 Qe5 25. Bc4 Rxc5 26. Rfe1 Qb2 27. Nxb4 Rxc4 28. Nd3 Qd2 29. bxc4 Qxd3 30. c5 Rc8 31. Rac1 Qd5 32. Re3 Rxc5 33. Rxc5 Qxc5 34. a3 a5 35. g3 a4 36. h4 h5 37. Kg2 Kf6 38. Kf3 Qd5+ 39. Ke2 Kf5 40. Rf3+ Kg4 41. Re3 Kh3 42. Rf3 Kg2 43.
Rf4 Qb3 44. Ke1 Qxa3 45. Ke2 Qb3 0-1

[Event "Late-Titled-Tuesday-Blitz-April-30-2024"]
[Site "Chess.com"]
[Date "2024.04.30"]
[Round "8"]
[White "Rodalquilar"]
[Black "Langua_Chess"]
[Result "1-0"]
[WhiteElo "2675"]
[BlackElo "2432"]
[TimeControl "180+1"]
[EndTime "15:28:25 PDT"]
[Termination "Rodalquilar won on time"]

1. d4 Nf6 2. Nf3 e6 3. Bf4 c5 4. e3 Nd5 5. Bg3 Qb6 6. Nc3 Qxb2 7. Nxd5 exd5 8. Rb1 Qc3+ 9. Qd2 Qxd2+ 10. Kxd2 Nc6 11.
h4 Be7 12. h5 h6 13. c3 O-O 14. Bd3 b6 15. Nh4 cxd4 16. cxd4 Bb4+ 17. Ke2 Re8 18. Nf5 Bf8 19. Kf3 Nb4 20. Bb5 Nxa2 21. Rb3 a6 22. Be2 Nb4 23. Nd6 Bxd6 24. Bxd6 Nc6 25.
Rxb6 Re6 26. Bc5 a5 27. Kg3 a4 28. Ra1 Ne7 29. Rb4 Nf5+ 30. Kh2 d6 31. Bb6 Nh4 32. g3 Nf5 33. Bf3 Re8 34. Bxd5 Rb8 35. Raxa4 Bd7 36. Ra3 Be6 37. Bxe6 fxe6 38. Rab3 d5 39. Bc5 Rxb4 40.
Rxb4 Kh7 41. Rb7 Kg8 42. g4 Nh4 43. Kg3 1-0

[Event "Late-Titled-Tuesday-Blitz-April-30-2024"]
[Site "Chess.com"]
[Date "2024.04.30"]
[Round "8"]
[White "Agustin_Meza"]
[Black "TheAlienParty"]
[Result "0-1"]
[WhiteElo "2151"]
[BlackElo "2427"]
[TimeControl "180+1"]
[EndTime "15:28:27 PDT"]
[Termination "TheAlienParty won by resignation"]

1. e4 e5 2. Nf3 Nc6 3. Bb5 a6 4. Ba4 d6 5. O-O Bd7 6. c3 g5 7. d4 g4 8. Bxc6 Bxc6 9. Ng5 h6 10. d5 Bd7 11. Nxf7 Kxf7 12. f3 Kg7 13. fxg4 Be7 14. Nd2 Bg5 15. Nf3 Bxg4 16. Bxg5 hxg5 17. Qd2 Rh5 18.
h3 Bxf3 19. Rxf3 Nh6 20. Raf1 Qe7 21. g4 Rh4 22. Kg2 Kg6 23. Qf2 Rg8 24. Rf6+ Kh7 25. Kg3 Rg7 26. Re6 Qd7 27. Qf8 Ng8 28. Rf5 Rh6 29.
Rxh6+ Nxh6 30. Rf6 Qe7 31. Qxe7 Rxe7 32. Rf8 Rf7 33.
Rb8 b6 34. b4 Ng8 35. Ra8 Ne7 36. Rxa6 Ng6 37. Ra7 Nh4 38. Kh2 Rf2+ 39. Kg1 Rc2 40. Rxc7+ Kh6 41. a4 Nf3+ 42. Kf1 Nd2+ 43. Ke1 Nxe4 44.
a5 bxa5 45. bxa5 Ra2 46. Ra7 Nxc3 47. a6 Nxd5 48. Ra8 Nc7 49. Rd8 Rxa6 50. Rh8+ Kg7 0-1

[Event "Late-Titled-Tuesday-Blitz-April-30-2024"]
[Site "Chess.com"]
[Date "2024.04.30"]
[Round "8"]
[White "e4evr"]
[Black "sansanathalia"]
[Result "0-1"]
[WhiteElo "2218"]
[BlackElo "2405"]
[TimeControl "180+1"]
[EndTime "15:28:27 PDT"]
[Termination "sansanathalia won by checkmate"]

1. d4 d5 2. c4 e6 3. Nf3 c6 4. e3 Nf6 5. Nc3 Be7 6. Be2 O-O 7. O-O b6 8. b3 Bb7 9. Bb2 Nbd7 10. Rc1 Rc8 11. Qd2 Qc7 12. Rfd1 Rfd8 13. cxd5 exd5 14. Nb5 Qb8 15. Ba3 Bxa3 16. Nxa3 Ne4 17. Qb2 Ndf6 18.
Ne5 Nd6 19. Nb1 Qc7 20. Nd2 Qe7 21. Qa3 a5 22. Ndf3 Nfe4 23. Bd3 c5 24. Bxe4 dxe4 25. Nd2 cxd4 26. exd4 Rxc1 27. Rxc1 Qg5 28. Nf1 Nb5 29.
Qb2 Nxd4 30. Nc4 Qxc1 31. Qxc1 Ne2+ 32. Kh1 Nxc1 33. Nxb6 Nxa2 34. h4 Rd1 35. Kg1 Ba6 36. Nc4 a4 37. Ne3 Re1 38. bxa4 Nb4 39. g3 Nd3 40.
Kg2 Nb2 41. Nd2 Re2 42. Nxe4 Bb7 43. Kf3 Re1 44. a5 g6 45. a6 Ba8 46. Kf4 Nd3+ 47.
Kg5 Bxe4 48. Nc4 Kg7 49. a7 Nxf2 50. Nd6 Nh3+ 51. Kg4 Nf2+ 52. Kf4 Ba8 53. g4 Nd3+ 54. Kg3 Re3+ 55. Kh2 Nf4 56. g5 Rh3+ 57. Kg1 Nd3 58. Kf1 Re3 59. h5 Re1# 0-1

[Event "Late-Titled-Tuesday-Blitz-April-30-2024"]
[Site "Chess.com"]
[Date "2024.04.30"]
[Round "8"]
[White "sergiochess83"]
[Black "SpeedofLight0"]
[Result "0-1"]
[WhiteElo "2911"]
[BlackElo "3035"]
[TimeControl "180+1"]
[EndTime "15:28:28 PDT"]
[Termination "SpeedofLight0 won on time"]

1. d4 d6 2. e4 g6 3. Nf3 Bg7 4. Bc4 a6 5. O-O b5 6. Bb3 Bb7 7. Re1 Nd7 8. c3 e6 9. Nbd2 Ne7 10. Nf1 O-O 11. Ng3 c5 12. Bf4 e5 13. dxe5 dxe5 14. Be3 c4 15. Bc2 Qc7 16. Qe2 Nc5 17. h4 h6 18. h5 g5 19. Nh2 Rad8 20. Bxc5 Qxc5 21. Ng4 Rd6 22. Rad1 Rfd8 23. Rxd6 Rxd6 24. Rd1 Bc8 25.
Ne3 Be6 26. Nef5 Rxd1+ 27. Qxd1 Bxf5 28. exf5 Qd5 29. Qe2 f6 30. b3 Bf8 31. bxc4 bxc4 32.
Ne4 Kg7 33. Nd2 Qb5 34. Nxc4 Nd5 35. Bb3 Nf4 36. Qe4 Qd5 37. Qxd5 Nxd5 38. Nxe5 Nxc3 39. Nc6 Bc5 40. Nd8 Bb6 41. Ne6+ Kh8 42. g4 Ne4 43. Kg2 Nxf2 44. Kf3 Nd3 45. Ke4 Ne5 46. Kd5 Nxg4 47.
Kc6 Be3 48. Nc7 a5 49. Kb5 Bd2 50. Nd5 Kg7 51. Ne7 Ne3 52. Nc6 g4 53. Bd1 Nxd1 0-1

[Event "Late-Titled-Tuesday-Blitz-April-30-2024"]
[Site "Chess.com"]
[Date "2024.04.30"]
[Round "8"]
[White "PenguinPacks"]
[Black "BardArtem"]
[Result "1-0"]
[WhiteElo "2496"]
[BlackElo "2787"]
[TimeControl "180+1"]
[EndTime "15:28:28 PDT"]
[Termination "PenguinPacks won by checkmate"]

1. e4 c5 2. Nf3 d6 3. d4 cxd4 4. Nxd4 Nf6 5. Nc3 g6 6. Be3 Nc6 7. f3 h5 8. Bc4 Bg7 9. Qd2 O-O 10. O-O-O Na5 11. Bb3 Rb8 12. Kb1 Bd7 13. Bh6 b5 14.
Bxg7 Kxg7 15. h4 b4 16. Nd5 Nxd5 17. exd5 Rh8 18. g4 Nb7 19. Rde1 Nc5 20. Qg5 f6 21. Qe3 Kf7 22. gxh5 Rxh5 23. Rhg1 Re5 24. Qh6 Rxe1+ 25. Rxe1 Qh8 26. Qe3 Re8 27. Qf4 Qh5 28. Ne6 Bxe6 29. dxe6+ Kg7 30. Qxb4 Qxf3 31. Qb5 Rh8 32.
Qa5 Qb7 33. Rg1 Rxh4 34. Qe1 Qe4 35. Qg3 Rh5 36. Qf2 Nxe6 37. Re1 Qf4 38. Qxa7 Nc5 39.
Qxe7+ Kh6 40. Qf8+ Kg5 41. Rg1+ Kh4 42. Qa8 Ne4 43.
Qc8 Qe3 44. Qg4# 1-0

[Event "Late-Titled-Tuesday-Blitz-April-30-2024"]
[Site "Chess.com"]
[Date "2024.04.30"]
[Round "8"]
[White "cristianserban1"]
[Black "Abund"]
[Result "0-1"]
[WhiteElo "2489"]
[BlackElo "2762"]
[TimeControl "180+1"]
[EndTime "15:28:28 PDT"]
[Termination "Abund won on time"]

1. d4 d5 2. c4 e6 3. Nf3 Nf6 4. g3 dxc4 5. Bg2 Bb4+ 6. Bd2 a5 7. Qc2 b5 8. a4 c6 9. axb5 Bxd2+ 10. Qxd2 cxb5 11.
Qg5 O-O 12. Qxb5 Qd5 13. Nc3 Qxb5 14. Nxb5 Bd7 15. Ne5 Ra6 16. Nc3 Nc6 17. Nxd7 Nxd7 18. Bxc6 Rxc6 19. Rxa5 Rb8 20. Ra2 Rcb6 21. Na4 Rb4 22. Kd2 g6 23. Kc2 Nf6 24. Nc3 Ng4 25. Nd1 f5 26. h3 Nf6 27. Nc3 Nd5 28. e3 R8b7 29. Rha1 Kf7 30. Nd1 Kf6 31. Ra7 h5 32. Rxb7 Rxb7 33. Nc3 Nb4+ 34. Kd2 Nd3 35. Nd1 g5 36.
Kc3 Nb4 37. Kxc4 Nd5 38. Kd3 h4 39. gxh4 gxh4 40. Ra6 Nb4+ 0-1